 Dungeon Sprint DCSS version 0.19-a0-1834-g6b7851e (webtiles) character file.

2020 poirepourri the Eclecticist (level 9, -3/45 HPs)
             Began as a Deep Elf Fire Elementalist on Oct 9, 2016.
             Was an Elder of Vehumet.
             Slain by Erolcha
             ... wielding a +0 giant spiked club
              (13 damage)
             ... in the Dungeon (Sprint III: "The Ten Rune Challenge").
             The game lasted 00:05:36 (1669 turns).

poirepourri the Eclecticist (DEFE)                  Turns: 1669, Time: 00:05:37

Health: -3/45      AC:  2    Str:  5    XL:     9   Next: 3%
Magic:  22/32      EV: 13    Int: 23    God:    Vehumet [****..]
Gold:   35         SH:  0    Dex: 16    Spells: 8 memorised, 21 levels left

rFire  . . .     SeeInvis .     o - +1 dagger
rCold  . . .     Gourm    .     a - +0 robe
rNeg   . . .     Faith    .     (no shield)
rPois  .         Spirit   .     (no helmet)
rElec  .         Dismiss  .     (no cloak)
rCorr  .         Reflect  .     (no gloves)
MR     .....     Harm     .     (no boots)
Stlth  ++........ NoTele   +    (no amulet)
                                (no ring)
                                (no ring)

@: lethally poisoned (-3 -> -28)
A: no striking features
a: Renounce Religion


You were in the Dungeon.
You worshipped Vehumet.
Vehumet was greatly pleased with you.
You were very full.

You visited 1 branch You collected 35 gold pieces.

Inventory:

Hand Weapons
 o - a +1 dagger (weapon)
Armour
 a - a +0 robe (worn)
Potions
 d - 2 potions of mutation {unknown}
 f - a potion of haste
 g - 2 potions of magic
 h - a potion of berserk rage
 l - 3 potions of cure mutation {unknown}
 m - 2 potions of flight {unknown}
Books
 b - a book of Flames

   Spells                             Type                      Level
   a - Flame Tongue                   Conjuration/Fire             1
   b - Throw Flame                    Conjuration/Fire             2
   c - Conjure Flame                  Conjuration/Fire             3
   d - Inner Flame                    Hexes/Fire                   3
   e - Sticky Flame                   Conjuration/Fire             4
   f - Fireball                       Conjuration/Fire             5
 j - a book of Minor Magic

   Spells                             Type                      Level
   a - Magic Dart                     Conjuration                  1
   b - Blink                          Translocation                2
   c - Call Imp                       Summoning                    2
   d - Repel Missiles                 Charms/Air                   2
   e - Slow                           Hexes                        2
   f - Conjure Flame                  Conjuration/Fire             3
   g - Mephitic Cloud                 Conjuration/Poison/Air       3
 n - a book of Cantrips

   Spells                             Type                      Level
   a - Confusing Touch                Hexes                        1
   b - Animate Skeleton               Necromancy                   1
   c - Summon Small Mammal            Summoning                    1
   d - Apportation                    Translocation                1
Comestibles
 k - a royal jelly


   Skills:
 + Level 2.6 Dodging
 - Level 2.6 Stealth
 * Level 17.6 Spellcasting
 + Level 7.5 Conjurations
 + Level 13.6 Fire Magic


You had 21 spell levels left.
You knew the following spells:

 Your Spells              Type           Power        Failure   Level  Hunger
a - Flame Tongue          Conj/Fire      #####        1%          1    None
b - Throw Flame           Conj/Fire      ######       1%          2    None
c - Conjure Flame         Conj/Fire      ######..     1%          3    None
d - Inner Flame           Hex/Fire       ######..     1%          3    None
e - Sticky Flame          Conj/Fire      ######..     1%          4    None
f - Fireball              Conj/Fire      ######....   1%          5    None
g - Magic Dart            Conj           ####         1%          1    None
h - Stone Arrow           Conj/Erth      #####.       1%          3    None


Dungeon Overview and Level Annotations

Branches:
Dungeon (1/1)

Altars:
Cheibriados
Dithmenos
Elyvilon
Fedhas
Gozag
Hepliaklqana
Kikubaaqudgha
Makhleb
Nemelex Xobeh
Okawaru
Qazlal
Ru
Sif Muna
Trog
Uskayaw
Vehumet
Xom
Yredelemnul
Zin
The Shining One
Beogh
Jiyva
Lugonu

Annotations:
D Erolcha


Message History

Aiming: Sticky Flame
Press: ? - help, Shift-Dir - straight line, f - Erolcha
Aim: Erolcha, wielding a giant spiked club and wearing a robe The sticky flame hits Erolcha.
Erolcha is lightly wounded.
Erolcha is covered in liquid flames!
You feel very sick.
Erolcha burns!
Erolcha hits you with a giant spiked club!
* * * LOW HITPOINT WARNING * * *
You feel very sick.
Erolcha burns!
Erolcha casts a spell.
Erolcha blinks!
You hit Erolcha.
Erolcha is moderately wounded.
* * * LOW HITPOINT WARNING * * *
You feel sick.
Erolcha burns!
Erolcha hits you with a giant spiked club!
You die...

###### _[#__# _)#._#
###'## .....# ...).#
####'#
_#...#+##############
_#...#....#.#.#.@)§.#
_#...##.#..#.##O###.#
_#...'##.#.#.##.#..##
_'...#...#..#).##..'.C....
▓▓▓▓▓▓▓▓▓▓▓▓▓▓▓▓▓▓▓#.(..s.
O.s.(. ...(. ..... ####


You could see Erolcha (burning).

Vanquished Creatures
  A deep elf mage (D)
  2 redbacks (D)
  A shadow (D)
  A spatial vortex (D)
  2 hill giants (D)
  A necrophage (D)
  3 two-headed ogres (D)
  A water elemental (D)
  A scorpion (D)
  A jelly (D)
  A wizard (D)
  A necromancer (D)
  3 humans (D)
  A kobold demonologist (D)
  An ooze (D)
  3 rats (D)
24 creatures vanquished.

Vanquished Creatures (others)
  2 draconian scorchers (D)
  2 yaktaurs (D)
  6 hellions (D)
  3 plants (D)
13 creatures vanquished.

Grand Total: 37 creatures vanquished

Notes
Turn   | Place    | Note
-------+----------+-------------------------------------------
     0 | D        | poirepourri the Deep Elf Fire Elementalist began the quest for the Orb.
     0 | D        | Reached XP level 1. HP: 10/10 MP: 6/6
    80 | D        | Noticed a scorpion
    89 | D        | Killed a scorpion
    89 | D        | Reached skill level 6 in Spellcasting
    89 | D        | Reached XP level 2. HP: 8/15 MP: 1/11
    89 | D        | Reached XP level 3. HP: 10/19 MP: 1/13
   100 | D        | Killed a hellion
   100 | D        | Killed a hellion
   101 | D        | Killed a hellion
   141 | D        | Killed a white draconian scorcher
   150 | D        | Killed a hellion
   152 | D        | Killed a hellion
   163 | D        | Killed a white draconian scorcher
   214 | D        | Killed a hellion
   324 | D        | Learned a level 2 spell: Throw Flame
   328 | D        | Learned a level 3 spell: Conjure Flame
   332 | D        | Learned a level 3 spell: Inner Flame
   367 | D        | Reached skill level 7 in Spellcasting
   367 | D        | Reached XP level 4. HP: 24/24 MP: 2/15
   449 | D        | Learned a level 4 spell: Sticky Flame
   473 | D        | Noticed a water elemental
   476 | D        | Killed a water elemental
   476 | D        | Reached skill level 8 in Spellcasting
   490 | D        | Killed a yaktaur
   544 | D        | Found a radiant altar of Vehumet.
   544 | D        | Found a deep blue altar of Sif Muna.
   544 | D        | Found an ancient bone altar of Kikubaaqudgha.
   544 | D        | Noticed a wizard
   546 | D        | Killed a wizard
   546 | D        | Reached skill level 9 in Spellcasting
   546 | D        | Reached XP level 5. HP: 28/28 MP: 14/19
   567 | D        | Became a worshipper of Vehumet
   600 | D        | Learned a level 5 spell: Fireball
   602 | D        | Found a glowing silver altar of Zin.
   602 | D        | Found a glowing golden altar of the Shining One.
   602 | D        | Found a white marble altar of Elyvilon.
   602 | D        | Noticed a deep elf mage
   605 | D        | Killed a deep elf mage
   605 | D        | Reached skill level 13 in Spellcasting
   605 | D        | Reached XP level 6. HP: 32/32 MP: 4/24
   605 | D        | Reached XP level 7. HP: 36/36 MP: 4/26
   698 | D        | Found a hide-covered altar of Uskayaw.
   698 | D        | Found a roughly hewn altar of Beogh.
   698 | D        | Found an iron altar of Okawaru.
   698 | D        | Found a bloodstained altar of Trog.
   698 | D        | Noticed a human
   700 | D        | Killed a human
   700 | D        | Reached skill level 14 in Spellcasting
   700 | D        | Reached skill level 5 in Conjurations
   701 | D        | Killed a human
   701 | D        | Reached * piety under Vehumet
   701 | D        | Offered knowledge of Sandblast by Vehumet.
   776 | D        | Found a basalt altar of Yredelemnul.
   776 | D        | Found a shadowy altar of Dithmenos.
   776 | D        | Found a sacrificial altar of Ru.
   785 | D        | Reached skill level 15 in Spellcasting
   993 | D        | Noticed a shadow
   997 | D        | Killed a shadow
   997 | D        | Offered knowledge of Throw Frost by Vehumet.
   997 | D        | Reached ** piety under Vehumet
   997 | D        | Reached XP level 8. HP: 41/41 MP: 17/29
  1049 | D        | Found a blossoming altar of Fedhas.
  1049 | D        | Found a stormy altar of Qazlal.
  1049 | D        | Found a snail-covered altar of Cheibriados.
  1049 | D        | Found a burning altar of Makhleb.
  1049 | D        | Found a shimmering altar of Xom.
  1050 | D        | Found a hazy altar of Hepliaklqana.
  1050 | D        | Found an opulent altar of Gozag.
  1050 | D        | Found a sparkling altar of Nemelex Xobeh.
  1050 | D        | Found a corrupted altar of Lugonu.
  1050 | D        | Found a viscous altar of Jiyva.
  1108 | D        | Reached skill level 16 in Spellcasting
  1172 | D        | Killed a yaktaur
  1185 | D        | Learned a level 1 spell: Magic Dart
  1236 | D        | Offered knowledge of Ignite Poison by Vehumet.
  1239 | D        | Reached *** piety under Vehumet
  1386 | D        | Offered knowledge of Stone Arrow by Vehumet.
  1391 | D        | Learned a level 3 spell: Stone Arrow
  1527 | D        | Noticed Erolcha
  1544 | D        | Reached skill level 17 in Spellcasting
  1550 | D        | Reached **** piety under Vehumet
  1664 | D        | Offered knowledge of Bolt of Magma by Vehumet.
  1664 | D        | Reached XP level 9. HP: 40/45 MP: 25/32
  1669 | D        | Slain by Erolcha

Vault maps used:
D:        dungeon_sprint_mu

Skill      XL: |  1  2  3  4  5  6  7  8 |
---------------+-------------------------+-----
Fire Magic     | 6 7 8 11 12 13 | 13.6
Spellcasting   | 6 7 9 13 15 17 | 17.6
Conjurations   | 2 4 5 7 |  7.5
Dodging        | |  2.6
Stealth        | |  2.6

Action                   |  1- 3 |  4- 6 |  7- 9 || total
-------------------------+-------+-------+-------++-------
Melee: Dagger            |       |       |     1 ||     1
 Cast: Flame Tongue      |    13 |     5 |    19 ||    37
       Throw Flame       |     5 |     3 |    23 ||    31
       Fireball          |       |     2 |    19 ||    21
       Conjure Flame     |       |       |     4 ||     4
       Sticky Flame      |       |       |     1 ||     1
  Use: Scroll            |     5 |     1 |     1 ||     7
       Potion            |     1 |       |     1 ||     2
  Eat: Royal jelly       |       |       |     1 ||     1
       Bread ration      |       |       |     2 ||     2
Armor: Robe              |       |       |     2 ||     2
Dodge: Dodged            |     3 |     1 |     3 ||     7
